[ AOE2 MATCH · #458423708 ]
Team RMJapanese vs Wei
[ REPLAY ANALYSIS · EXTRACTED FROM THE RECORDED GAME ]
Feudal
—
Castle
—
Imperial
—
| APM avg | 8.3 |
| APM peak | 20 |
| eAPM avg | 6.9 |
| Villagers / military | 64 / 0 |
Focus
⚔️ 7.7% · 🌾 92.3%
Fishing Ship ×3
Feudal
12:55
Castle
18:56
Imperial
—
| APM avg | 16.8 |
| APM peak | 55 |
| eAPM avg | 9.5 |
| Villagers / military | 74 / 0 |
Focus
⚔️ 5.8% · 🌾 94.2%
Feudal
14:55
Castle
20:15
Imperial
—
| APM avg | 22.0 |
| APM peak | 129 |
| eAPM avg | 11.0 |
| Villagers / military | 56 / 13 |
Focus
⚔️ 16.5% · 🌾 83.5%
Scout Cavalry ×12 · Monk ×1
Feudal
—
Castle
—
Imperial
—
| APM avg | 12.7 |
| APM peak | 24 |
| eAPM avg | 9.4 |
| Villagers / military | 80 / 1 |
Focus
⚔️ 3.5% · 🌾 96.5%
Monk ×1
Feudal
14:35
Castle
24:04
Imperial
—
| APM avg | 33.5 |
| APM peak | 89 |
| eAPM avg | 11.2 |
| Villagers / military | 52 / 3 |
Focus
⚔️ 11.0% · 🌾 89.0%
Spearman ×2 · Monk ×1
Feudal
—
Castle
—
Imperial
—
| APM avg | 11.7 |
| APM peak | 28 |
| eAPM avg | 8.3 |
| Villagers / military | 81 / 1 |
Focus
⚔️ 3.8% · 🌾 96.2%
Fishing Ship ×18 · Monk ×1
Feudal
15:43
Castle
21:01
Imperial
—
| APM avg | 9.6 |
| APM peak | 21 |
| eAPM avg | 8.4 |
| Villagers / military | 90 / 0 |
Focus
⚔️ 7.0% · 🌾 93.0%
Feudal
13:09
Castle
19:34
Imperial
—
| APM avg | 18.3 |
| APM peak | 40 |
| eAPM avg | 11.6 |
| Villagers / military | 70 / 1 |
Focus
⚔️ 5.1% · 🌾 94.9%
Trade Cart ×5 · Monk ×1
Match map
Resources at game start + every placement click. Thick line = wall · dashed box = detected house wall. 🟡 gold · ⚪ stone · 🟢 berries · 🔶 boar · ⭕ relic
Inputs per minute
— SkilzDatKilz845 - - Doctore
Build order — SkilzDatKilz845
113 actions detected in the replay
| 0:08 | Create | Villager (Male) |
| 0:11 | Build | House |
| 0:15 | Build | House |
| 0:20 | Build | House |
| 0:22 | Research | Loom |
| 0:24 | Create | Villager (Male) ×3 |
| 3:22 | Create | Villager (Male) |
| 3:22 | Create | Villager (Male) |
| 3:22 | Create | Villager (Male) |
| 3:23 | Create | Villager (Male) |
| 4:02 | Create | Villager (Male) |
| 4:02 | Create | Villager (Male) |
| 4:11 | Create | Villager (Male) |
| 4:23 | Build | Mill |
| 5:12 | Create | Villager (Male) |
| 6:25 | Create | Villager (Male) |
| 7:21 | Create | Villager (Male) |
| 7:22 | Create | Villager (Male) |
| 7:22 | Create | Villager (Male) |
| 7:22 | Create | Villager (Male) |
| 7:22 | Create | Villager (Male) |
| 7:23 | Create | Villager (Male) |
| 7:23 | Create | Villager (Male) |
| 7:57 | Create | Villager (Male) |
| 8:34 | Create | Villager (Male) |
| 8:34 | Create | Villager (Male) |
| 8:51 | Build | House |
| 8:55 | Build | House |
| 8:58 | Build | House |
| 10:00 | Create | Villager (Male) ×5 |
| 10:00 | Create | Villager (Male) ×3 |
| 11:20 | Build | Lumber Camp |
| 11:26 | Create | Villager (Male) |
| 11:26 | Create | Villager (Male) |
| 11:26 | Create | Villager (Male) |
| 11:26 | Create | Villager (Male) |
| 11:27 | Create | Villager (Male) |
| 11:27 | Create | Villager (Male) |
| 11:45 | Build | Mill |
| 12:08 | Build | Mill |
| 12:56 | Research | Feudal Age |
| 12:57 | Create | Villager (Male) ×5 |
| 13:12 | Build | Dock |
| 13:23 | Create | Villager (Male) |
| 13:24 | Create | Villager (Male) |
| 14:38 | Create | Fishing Ship ×3 |
| 15:48 | Build | Blacksmith |
| 16:13 | Build | Mining Camp |
| 16:27 | Research | Tech 906 |
| 17:12 | Build | Market |
| 17:33 | Build | Stone Wall |
| 17:44 | Build | Building 490 |
| 17:50 | Build | Building 490 |
| 17:57 | Research | Wheelbarrow |
| 18:07 | Build | House |
| 18:10 | Build | House |
| 18:14 | Build | House |
| 18:18 | Build | House |
| 18:19 | Build | House |
| 18:22 | Build | House |
| 18:23 | Build | House |
| 18:24 | Build | House |
| 18:26 | Build | House |
| 18:28 | Build | House |
| 18:30 | Build | House |
| 18:45 | Research | Castle Age |
| 19:01 | Build | Lumber Camp |
| 20:01 | Build | Lumber Camp |
| 20:27 | Create | Villager (Male) |
| 20:27 | Create | Villager (Male) |
| 20:28 | Create | Villager (Male) |
| 20:32 | Research | Horse Collar |
| 20:45 | Research | Double-Bit Axe |
| 21:27 | Build | Mill |
| 21:29 | Build | Farm |
| 21:29 | Build | Farm |
| 21:30 | Build | Farm |
| 21:30 | Build | Farm |
| 21:31 | Build | Farm |
| 21:31 | Build | Farm |
| 21:31 | Build | Farm |
| 21:33 | Build | Farm |
| 21:36 | Build | Farm |
| 21:46 | Build | Mill |
| 21:48 | Build | Farm |
| 21:49 | Build | Farm |
| 21:49 | Build | Farm |
| 21:50 | Build | Farm |
| 21:57 | Create | Villager (Male) |
| 21:57 | Create | Villager (Male) |
| 22:40 | Build | Barracks |
| 22:47 | Create | Villager (Male) |
| 22:53 | Create | Villager (Male) |
| 23:05 | Create | Villager (Male) |
| 23:31 | Research | Heavy Plow |
| 23:34 | Research | Bow Saw |
| 23:38 | Create | Villager (Male) |
| 23:47 | Build | Barracks |
| 24:09 | Create | Villager (Male) |
| 24:09 | Create | Villager (Male) |
| 24:13 | Create | Villager (Male) |
| 24:14 | Create | Villager (Male) |
| 25:00 | Build | Fish Trap |
| 25:06 | Build | Mining Camp |
| 25:32 | Build | Castle |
| 27:25 | Create | Villager (Male) |
| 27:25 | Create | Villager (Male) |
| 27:26 | Create | Villager (Male) |
| 27:26 | Create | Villager (Male) |
| 27:56 | Build | Town Center |
| 28:13 | Research | Imperial Age |
| 28:28 | Research | Imperial Age |
| 28:35 | Create | Villager (Male) ×3 |
Build order — Doctore
First 150 of 163 actions detected
| 0:02 | Create | Villager (Male) ×4 |
| 0:04 | Build | House |
| 0:06 | Build | House |
| 1:30 | Create | Villager (Male) |
| 1:52 | Build | Lumber Camp |
| 2:21 | Create | Villager (Male) |
| 2:45 | Research | Loom |
| 2:55 | Create | Villager (Male) |
| 3:06 | Create | Villager (Male) |
| 4:03 | Build | Palisade Wall |
| 4:18 | Create | Villager (Male) |
| 4:19 | Create | Villager (Male) |
| 4:56 | Create | Villager (Male) |
| 5:14 | Build | House |
| 5:48 | Create | Villager (Male) |
| 5:48 | Create | Villager (Male) |
| 5:53 | Build | Mill |
| 6:09 | Build | Palisade Wall |
| 6:27 | Build | Outpost |
| 6:45 | Create | Villager (Male) |
| 6:59 | Create | Villager (Male) |
| 7:18 | Build | Mining Camp |
| 7:21 | Create | Villager (Male) |
| 7:37 | Create | Villager (Male) |
| 7:46 | Build | Mining Camp |
| 8:11 | Build | House |
| 8:58 | Create | Villager (Male) |
| 9:38 | Create | Villager (Male) |
| 10:20 | Create | Villager (Male) |
| 10:27 | Build | House |
| 10:34 | Research | Feudal Age |
| 12:36 | Create | Villager (Male) |
| 12:38 | Create | Villager (Male) |
| 12:55 | Age | Feudal Age |
| 13:05 | Build | Market |
| 13:15 | Build | Blacksmith |
| 13:43 | Create | Villager (Male) |
| 13:51 | Build | Farm |
| 13:52 | Build | Farm |
| 14:15 | Create | Villager (Male) |
| 14:25 | Build | Farm |
| 14:46 | Create | Villager (Male) |
| 14:50 | Create | Villager (Male) |
| 15:12 | Build | Stone Wall |
| 15:31 | Build | House |
| 15:36 | Build | Farm |
| 16:02 | Build | Farm |
| 16:04 | Build | Farm |
| 16:07 | Build | Farm |
| 16:16 | Research | Castle Age |
| 16:46 | Research | Double-Bit Axe |
| 16:51 | Research | Horse Collar |
| 17:06 | Build | Stone Wall |
| 17:20 | Research | Stone Mining |
| 17:28 | Build | Farm |
| 17:43 | Research | Gold Mining |
| 18:56 | Age | Castle Age |
| 19:02 | Build | Town Center |
| 19:35 | Build | Town Center |
| 19:40 | Create | Villager (Male) |
| 19:41 | Create | Villager (Male) |
| 20:18 | Build | Castle |
| 20:24 | Create | Villager (Male) |
| 20:28 | Create | Villager (Male) |
| 20:28 | Create | Villager (Male) |
| 20:28 | Create | Villager (Male) |
| 20:36 | Create | Villager (Male) |
| 20:36 | Create | Villager (Male) |
| 20:40 | Research | Wheelbarrow |
| 20:44 | Research | Bow Saw |
| 21:27 | Research | Heavy Plow |
| 21:34 | Build | Farm |
| 21:34 | Build | Farm |
| 21:36 | Build | Farm |
| 21:52 | Create | Villager (Male) |
| 22:00 | Build | Farm |
| 22:00 | Build | Farm |
| 22:02 | Build | Farm |
| 22:03 | Build | Farm |
| 22:09 | Create | Villager (Male) |
| 22:19 | Build | Farm |
| 22:24 | Build | Farm |
| 22:26 | Create | Villager (Male) |
| 22:41 | Build | Mining Camp |
| 22:44 | Create | Villager (Male) |
| 22:51 | Create | Villager (Male) |
| 22:51 | Create | Villager (Male) |
| 22:58 | Create | Villager (Male) |
| 23:04 | Create | Villager (Male) |
| 23:04 | Create | Villager (Male) |
| 23:25 | Build | Town Center |
| 23:29 | Create | Villager (Male) |
| 23:47 | Research | Gold Shaft Mining |
| 23:53 | Create | Villager (Male) |
| 24:06 | Build | Farm |
| 24:06 | Build | Farm |
| 24:06 | Build | Farm |
| 24:08 | Build | Farm |
| 24:12 | Create | Villager (Male) |
| 24:16 | Create | Villager (Male) |
| 24:19 | Create | Villager (Male) |
| 24:42 | Research | Town Watch |
| 24:54 | Create | Villager (Male) |
| 24:56 | Create | Villager (Male) |
| 24:58 | Create | Villager (Male) |
| 25:04 | Create | Villager (Male) |
| 25:18 | Build | Farm |
| 25:18 | Build | Farm |
| 25:18 | Build | Farm |
| 25:19 | Build | Farm |
| 25:29 | Create | Villager (Male) |
| 25:32 | Create | Villager (Male) |
| 25:33 | Create | Villager (Male) |
| 25:38 | Create | Villager (Male) |
| 25:38 | Create | Villager (Male) |
| 25:40 | Create | Villager (Male) |
| 25:47 | Build | Farm |
| 25:47 | Build | Farm |
| 25:47 | Build | Farm |
| 25:48 | Build | Farm |
| 25:48 | Build | Farm |
| 25:50 | Build | Farm |
| 25:58 | Create | Villager (Male) |
| 26:07 | Build | Mining Camp |
| 26:39 | Research | Hand Cart |
| 26:42 | Create | Villager (Male) |
| 26:44 | Create | Villager (Male) |
| 26:46 | Create | Villager (Male) |
| 26:55 | Research | Stone Shaft Mining |
| 27:16 | Build | University |
| 27:33 | Research | Town Patrol |
| 27:36 | Create | Villager (Male) |
| 27:41 | Create | Villager (Male) |
| 27:42 | Create | Villager (Male) |
| 27:43 | Create | Villager (Male) |
| 27:45 | Create | Villager (Male) |
| 27:58 | Build | Farm |
| 27:58 | Build | Farm |
| 27:59 | Build | Farm |
| 27:59 | Build | Farm |
| 28:07 | Build | Farm |
| 28:07 | Build | Farm |
| 28:08 | Build | Farm |
| 28:13 | Create | Villager (Male) |
| 28:13 | Create | Villager (Male) |
| 28:15 | Create | Villager (Male) |
| 28:17 | Create | Villager (Male) |
| 28:17 | Create | Villager (Male) |
| 28:20 | Create | Villager (Male) |
| 28:20 | Create | Villager (Male) |
Build order — Nomi
106 actions detected in the replay
| 0:04 | Create | Villager (Male) |
| 0:04 | Create | Villager (Male) |
| 0:04 | Create | Villager (Male) |
| 0:05 | Create | Villager (Male) |
| 0:07 | Build | House |
| 0:09 | Build | House |
| 1:49 | Build | Lumber Camp |
| 3:59 | Create | Villager (Male) |
| 3:59 | Create | Villager (Male) |
| 3:59 | Create | Villager (Male) |
| 4:00 | Create | Villager (Male) |
| 4:00 | Create | Villager (Male) |
| 4:00 | Create | Villager (Male) |
| 5:47 | Build | Mill |
| 6:23 | Create | Villager (Male) |
| 6:23 | Create | Villager (Male) |
| 6:23 | Create | Villager (Male) |
| 6:24 | Create | Villager (Male) |
| 6:24 | Create | Villager (Male) |
| 6:24 | Create | Villager (Male) |
| 7:06 | Build | House |
| 7:16 | Research | Loom |
| 7:21 | Create | Villager (Male) ×5 |
| 10:22 | Create | Villager (Male) |
| 10:22 | Create | Villager (Male) |
| 10:23 | Create | Villager (Male) |
| 10:23 | Create | Villager (Male) |
| 10:37 | Build | House |
| 11:22 | Research | Feudal Age |
| 11:35 | Build | Mining Camp |
| 12:34 | Create | Villager (Male) |
| 12:35 | Create | Villager (Male) |
| 13:03 | Build | Farm |
| 13:04 | Build | Farm |
| 13:11 | Build | Farm |
| 13:28 | Build | Farm |
| 13:58 | Build | House |
| 14:55 | Age | Feudal Age |
| 15:01 | Build | Blacksmith |
| 15:10 | Build | Barracks |
| 16:30 | Build | Stable |
| 16:59 | Build | Building 800 |
| 17:04 | Build | House |
| 17:14 | Build | Farm |
| 17:14 | Build | Farm |
| 17:15 | Build | Farm |
| 17:17 | Build | Farm |
| 17:35 | Research | Castle Age |
| 17:39 | Research | Double-Bit Axe |
| 17:40 | Research | Horse Collar |
| 19:02 | Build | Mining Camp |
| 19:11 | Build | House |
| 19:15 | Build | House |
| 19:16 | Build | House |
| 19:18 | Build | House |
| 19:19 | Build | House |
| 20:15 | Age | Castle Age |
| 20:52 | Build | Town Center |
| 21:06 | Create | Villager (Male) ×5 |
| 21:07 | Create | Villager (Male) ×5 |
| 21:07 | Create | Villager (Male) ×5 |
| 21:17 | Build | House |
| 21:20 | Build | House |
| 21:45 | Build | House |
| 22:06 | Build | Lumber Camp |
| 22:21 | Build | Farm |
| 22:21 | Build | Farm |
| 22:22 | Build | Farm |
| 22:22 | Build | Farm |
| 22:24 | Build | Farm |
| 22:38 | Create | Villager (Male) ×5 |
| 22:38 | Create | Villager (Male) ×5 |
| 22:47 | Build | House |
| 22:48 | Build | House |
| 22:51 | Build | House |
| 22:56 | Build | Farm |
| 23:09 | Build | Lumber Camp |
| 24:15 | Research | Bow Saw |
| 24:18 | Research | Gold Mining |
| 24:31 | Create | Villager (Male) ×3 |
| 24:32 | Create | Villager (Male) |
| 24:43 | Build | House |
| 24:46 | Build | House |
| 25:09 | Build | Farm |
| 25:09 | Build | Farm |
| 25:21 | Build | Farm |
| 25:21 | Build | Farm |
| 25:59 | Build | House |
| 26:01 | Build | House |
| 26:03 | Build | House |
| 26:12 | Build | Monastery |
| 26:24 | Build | Farm |
| 26:24 | Build | Farm |
| 26:25 | Build | Farm |
| 26:26 | Build | Farm |
| 27:08 | Create | Monk |
| 27:20 | Create | Scout Cavalry ×5 |
| 27:21 | Create | Scout Cavalry ×5 |
| 27:38 | Build | House |
| 27:39 | Build | House |
| 27:40 | Build | House |
| 27:51 | Research | Forging |
| 28:59 | Research | Bloodlines |
| 29:02 | Research | Light Cavalry (upgrade) |
| 29:04 | Research | Husbandry |
| 29:05 | Create | Scout Cavalry ×2 |
Build order — Jaereg
First 150 of 154 actions detected
| 0:08 | Build | House |
| 0:17 | Create | Villager (Male) ×4 |
| 1:44 | Build | House |
| 1:59 | Build | House |
| 1:59 | Build | House |
| 2:15 | Create | Villager (Male) |
| 2:15 | Create | Villager (Male) |
| 2:31 | Create | Villager (Male) |
| 3:22 | Create | Villager (Male) |
| 3:23 | Create | Villager (Male) |
| 3:23 | Create | Villager (Male) |
| 3:49 | Build | House |
| 3:54 | Build | House |
| 3:57 | Create | Villager (Male) |
| 3:57 | Create | Villager (Male) |
| 3:57 | Create | Villager (Male) |
| 4:30 | Create | Villager (Male) |
| 4:43 | Create | Villager (Male) |
| 5:03 | Create | Villager (Male) |
| 5:45 | Create | Villager (Male) |
| 5:54 | Build | Mill |
| 6:42 | Create | Villager (Male) |
| 7:20 | Create | Villager (Male) |
| 7:20 | Create | Villager (Male) |
| 7:38 | Research | Loom |
| 7:57 | Create | Villager (Male) |
| 8:24 | Create | Villager (Male) |
| 8:25 | Create | Villager (Male) |
| 8:25 | Create | Villager (Male) |
| 8:25 | Create | Villager (Male) |
| 8:26 | Create | Villager (Male) |
| 8:26 | Create | Villager (Male) |
| 8:49 | Create | Villager (Male) |
| 9:29 | Create | Villager (Male) |
| 9:58 | Build | Farm |
| 10:00 | Build | Farm |
| 10:17 | Create | Villager (Male) |
| 10:36 | Build | Mill |
| 10:43 | Create | Villager (Male) |
| 10:43 | Create | Villager (Male) |
| 10:43 | Create | Villager (Male) |
| 10:44 | Create | Villager (Male) |
| 11:19 | Create | Villager (Male) |
| 11:20 | Create | Villager (Male) |
| 11:20 | Create | Villager (Male) |
| 11:39 | Build | Lumber Camp |
| 11:45 | Create | Villager (Male) |
| 12:25 | Create | Villager (Male) |
| 12:28 | Research | Feudal Age |
| 14:19 | Build | Lumber Camp |
| 14:26 | Build | Mining Camp |
| 15:04 | Build | Lumber Camp |
| 16:09 | Build | Farm |
| 16:09 | Build | Farm |
| 16:10 | Build | Farm |
| 16:10 | Build | Farm |
| 16:36 | Research | Wheelbarrow |
| 16:37 | Research | Double-Bit Axe |
| 16:38 | Research | Horse Collar |
| 16:44 | Build | Blacksmith |
| 16:51 | Build | Market |
| 16:56 | Create | Villager (Male) |
| 17:24 | Build | Farm |
| 17:24 | Build | Farm |
| 17:25 | Build | Farm |
| 17:25 | Build | Farm |
| 17:25 | Build | Farm |
| 17:26 | Build | Farm |
| 18:14 | Research | Castle Age |
| 18:47 | Research | Gold Mining |
| 19:00 | Build | Farm |
| 19:00 | Build | Farm |
| 19:01 | Build | Farm |
| 19:03 | Build | Farm |
| 19:05 | Build | Farm |
| 19:06 | Build | Farm |
| 19:41 | Create | Villager (Male) |
| 20:13 | Build | Mining Camp |
| 20:18 | Research | Stone Mining |
| 20:27 | Build | House |
| 20:28 | Build | House |
| 20:30 | Build | House |
| 20:30 | Build | House |
| 20:55 | Research | Hand Cart |
| 20:56 | Research | Bow Saw |
| 21:08 | Build | University |
| 21:22 | Create | Villager (Male) |
| 21:58 | Create | Villager (Male) |
| 21:58 | Create | Villager (Male) |
| 22:13 | Build | Monastery |
| 22:22 | Build | Town Center |
| 23:03 | Research | Treadmill Crane |
| 23:28 | Create | Villager (Male) |
| 23:30 | Create | Villager (Male) |
| 23:32 | Create | Villager (Male) |
| 23:32 | Create | Villager (Male) |
| 23:33 | Create | Villager (Male) |
| 23:39 | Create | Monk |
| 23:58 | Create | Villager (Male) |
| 23:59 | Create | Villager (Male) |
| 23:59 | Create | Villager (Male) |
| 24:15 | Build | Town Center |
| 24:21 | Research | Stone Shaft Mining |
| 24:26 | Research | Gold Shaft Mining |
| 24:59 | Create | Villager (Male) |
| 24:59 | Create | Villager (Male) |
| 25:02 | Create | Villager (Male) |
| 25:02 | Create | Villager (Male) |
| 25:02 | Create | Villager (Male) |
| 25:03 | Create | Villager (Male) |
| 25:03 | Create | Villager (Male) |
| 25:14 | Build | Siege Workshop |
| 25:15 | Create | Villager (Male) |
| 25:16 | Create | Villager (Male) |
| 25:16 | Create | Villager (Male) |
| 25:28 | Create | Villager (Male) |
| 25:46 | Create | Villager (Male) |
| 25:47 | Create | Villager (Male) |
| 25:47 | Create | Villager (Male) |
| 25:56 | Create | Villager (Male) |
| 25:57 | Create | Villager (Male) |
| 25:57 | Create | Villager (Male) |
| 26:02 | Build | Farm |
| 26:02 | Build | Farm |
| 26:03 | Build | Farm |
| 26:03 | Build | Farm |
| 26:03 | Build | Farm |
| 26:03 | Build | Farm |
| 26:27 | Build | Town Center |
| 26:43 | Create | Villager (Male) |
| 26:43 | Create | Villager (Male) |
| 26:43 | Create | Villager (Male) |
| 26:44 | Create | Villager (Male) |
| 26:50 | Build | Farm |
| 27:13 | Build | Lumber Camp |
| 27:16 | Create | Villager (Male) |
| 27:17 | Create | Villager (Male) |
| 27:17 | Create | Villager (Male) |
| 27:24 | Create | Villager (Male) |
| 27:25 | Create | Villager (Male) |
| 27:25 | Create | Villager (Male) |
| 27:25 | Create | Villager (Male) |
| 27:38 | Build | Farm |
| 27:39 | Build | Farm |
| 27:39 | Build | Farm |
| 27:39 | Build | Farm |
| 27:40 | Build | Farm |
| 27:40 | Build | Farm |
| 27:40 | Build | Farm |
| 28:15 | Build | House |
Build order — Anti-Social Reclusive Hermit
120 actions detected in the replay
| 0:04 | Build | House |
| 0:07 | Build | House |
| 0:08 | Create | Villager (Male) |
| 0:08 | Create | Villager (Male) |
| 0:09 | Create | Villager (Male) |
| 0:09 | Create | Villager (Male) |
| 0:31 | Research | Loom |
| 0:31 | Research | Loom |
| 0:54 | Create | Villager (Male) |
| 0:54 | Create | Villager (Male) |
| 0:54 | Create | Villager (Male) |
| 0:54 | Create | Villager (Male) |
| 2:13 | Build | Palisade Gate |
| 2:26 | Build | Building 804 |
| 2:34 | Build | Building 804 |
| 2:52 | Build | Building 804 |
| 3:42 | Create | Villager (Male) |
| 3:43 | Create | Villager (Male) |
| 3:43 | Create | Villager (Male) |
| 4:08 | Build | Palisade Gate |
| 4:10 | Build | Palisade Gate |
| 5:08 | Create | Villager (Male) |
| 5:08 | Create | Villager (Male) |
| 5:08 | Create | Villager (Male) |
| 5:08 | Create | Villager (Male) |
| 5:08 | Create | Villager (Male) |
| 6:04 | Build | House |
| 7:13 | Create | Villager (Male) |
| 7:13 | Create | Villager (Male) |
| 7:15 | Create | Villager (Male) |
| 8:06 | Create | Villager (Male) |
| 8:07 | Create | Villager (Male) |
| 8:07 | Create | Villager (Male) |
| 8:10 | Create | Villager (Male) |
| 8:16 | Build | Mill |
| 9:06 | Create | Villager (Male) |
| 9:06 | Create | Villager (Male) |
| 9:18 | Build | House |
| 9:41 | Create | Villager (Male) |
| 9:41 | Create | Villager (Male) |
| 10:08 | Build | Lumber Camp |
| 10:20 | Build | House |
| 11:27 | Create | Villager (Male) |
| 11:28 | Create | Villager (Male) |
| 12:25 | Research | Feudal Age |
| 12:31 | Build | Mining Camp |
| 12:56 | Build | House |
| 12:58 | Build | House |
| 13:22 | Build | Mining Camp |
| 14:35 | Age | Feudal Age |
| 15:21 | Build | Building 487 |
| 15:24 | Build | Building 487 |
| 15:31 | Build | House |
| 15:48 | Build | Farm |
| 15:51 | Build | Farm |
| 15:53 | Build | Farm |
| 15:56 | Build | Farm |
| 16:34 | Build | Blacksmith |
| 17:14 | Create | Villager (Male) |
| 17:14 | Create | Villager (Male) |
| 17:14 | Create | Villager (Male) |
| 17:18 | Create | Villager (Male) |
| 17:50 | Build | Market |
| 18:11 | Create | Villager (Male) |
| 18:11 | Create | Villager (Male) |
| 18:37 | Build | Building 487 |
| 18:40 | Build | Building 487 |
| 18:42 | Build | Building 487 |
| 19:08 | Create | Villager (Male) |
| 19:09 | Create | Villager (Male) |
| 19:10 | Research | Wheelbarrow |
| 19:11 | Research | Castle Age |
| 19:27 | Build | Barracks |
| 20:00 | Build | Watch Tower |
| 20:15 | Build | Watch Tower |
| 20:34 | Research | Fletching |
| 20:42 | Build | Barracks |
| 21:12 | Build | Archery Range |
| 21:23 | Research | Double-Bit Axe |
| 21:25 | Research | Horse Collar |
| 21:32 | Create | Villager (Male) |
| 21:33 | Create | Villager (Male) |
| 21:40 | Build | Farm |
| 21:51 | Build | House |
| 22:27 | Create | Spearman |
| 22:28 | Create | Spearman |
| 22:48 | Build | Archery Range |
| 23:34 | Build | Farm |
| 23:36 | Build | Farm |
| 23:38 | Build | Farm |
| 23:57 | Build | Building 490 |
| 24:03 | Build | Building 490 |
| 24:04 | Age | Castle Age |
| 24:18 | Build | Stone Wall |
| 24:21 | Build | Stone Wall |
| 24:34 | Build | House |
| 24:35 | Build | House |
| 24:46 | Build | Monastery |
| 24:51 | Create | Villager (Male) |
| 24:51 | Create | Villager (Male) |
| 24:51 | Create | Villager (Male) |
| 24:51 | Create | Villager (Male) |
| 25:12 | Build | Farm |
| 25:39 | Create | Monk |
| 26:05 | Build | Lumber Camp |
| 26:12 | Research | Bow Saw |
| 26:15 | Create | Villager (Male) |
| 26:15 | Create | Villager (Male) |
| 26:16 | Create | Villager (Male) |
| 27:53 | Build | Castle |
| 28:05 | Build | Mining Camp |
| 28:10 | Create | Villager (Male) |
| 28:10 | Create | Villager (Male) |
| 28:11 | Create | Villager (Male) |
| 28:11 | Create | Villager (Male) |
| 28:24 | Build | Town Center |
| 28:40 | Build | Town Center |
| 28:49 | Create | Villager (Male) |
| 28:50 | Create | Villager (Male) |
| 29:14 | Build | Siege Workshop |
Build order — Cuauhocelotl831
109 actions detected in the replay
| 0:09 | Create | Villager (Male) ×4 |
| 0:14 | Build | House |
| 0:16 | Build | House |
| 1:58 | Create | Villager (Male) |
| 1:58 | Create | Villager (Male) |
| 2:12 | Research | Loom |
| 2:43 | Create | Villager (Male) |
| 2:43 | Create | Villager (Male) |
| 3:20 | Create | Villager (Male) ×2 |
| 3:20 | Create | Villager (Male) ×2 |
| 3:49 | Create | Villager (Male) |
| 3:50 | Create | Villager (Male) |
| 4:28 | Create | Villager (Male) |
| 4:28 | Create | Villager (Male) |
| 4:48 | Build | Mill |
| 5:23 | Build | House |
| 5:25 | Build | House |
| 6:07 | Create | Villager (Male) |
| 6:07 | Create | Villager (Male) |
| 6:15 | Build | House |
| 6:16 | Build | House |
| 7:19 | Create | Villager (Male) |
| 7:19 | Create | Villager (Male) |
| 7:19 | Create | Villager (Male) |
| 7:20 | Create | Villager (Male) |
| 7:29 | Build | Lumber Camp |
| 8:36 | Create | Villager (Male) ×2 |
| 8:36 | Create | Villager (Male) ×2 |
| 8:48 | Build | Dock |
| 9:09 | Create | Villager (Male) |
| 9:10 | Create | Villager (Male) |
| 9:10 | Create | Villager (Male) |
| 9:21 | Build | Dock |
| 10:45 | Build | Mining Camp |
| 10:59 | Create | Villager (Male) ×5 |
| 10:59 | Create | Villager (Male) |
| 11:09 | Create | Fishing Ship ×5 |
| 12:55 | Build | House |
| 12:56 | Build | House |
| 12:57 | Build | House |
| 12:58 | Build | House |
| 13:28 | Build | Lumber Camp |
| 14:10 | Research | Feudal Age |
| 15:47 | Create | Villager (Male) ×5 |
| 15:48 | Create | Villager (Male) ×5 |
| 16:24 | Create | Fishing Ship ×5 |
| 16:28 | Build | Fish Trap |
| 16:31 | Build | Fish Trap |
| 16:35 | Build | Fish Trap |
| 16:44 | Build | Fish Trap |
| 16:47 | Build | Fish Trap |
| 17:01 | Build | Stone Wall |
| 17:24 | Research | Wheelbarrow |
| 17:33 | Create | Fishing Ship ×5 |
| 17:41 | Build | Fish Trap |
| 17:43 | Build | Fish Trap |
| 18:43 | Build | Mill |
| 18:51 | Build | Fish Trap |
| 18:53 | Build | Fish Trap |
| 19:02 | Build | Fish Trap |
| 19:06 | Build | Fish Trap |
| 19:27 | Build | House |
| 19:28 | Build | House |
| 19:36 | Research | Double-Bit Axe |
| 19:47 | Build | Market |
| 20:04 | Create | Villager (Male) |
| 20:04 | Create | Villager (Male) |
| 20:05 | Create | Villager (Male) |
| 20:05 | Create | Villager (Male) |
| 20:12 | Build | Outpost |
| 20:31 | Build | Mining Camp |
| 20:40 | Build | House |
| 20:42 | Build | House |
| 21:10 | Build | Blacksmith |
| 21:17 | Build | Lumber Camp |
| 21:30 | Build | Fish Trap |
| 21:34 | Build | Fish Trap |
| 21:53 | Build | Fish Trap |
| 21:57 | Build | Fish Trap |
| 22:14 | Build | Fish Trap |
| 22:33 | Build | Outpost |
| 22:51 | Research | Castle Age |
| 22:59 | Build | House |
| 23:00 | Build | House |
| 23:45 | Build | Outpost |
| 24:04 | Create | Fishing Ship |
| 24:04 | Create | Fishing Ship |
| 24:04 | Create | Fishing Ship |
| 24:47 | Build | House |
| 24:48 | Build | House |
| 25:39 | Build | Fish Trap |
| 26:11 | Build | Town Center |
| 26:22 | Build | Town Center |
| 26:28 | Build | Fish Trap |
| 26:42 | Research | Tech 906 |
| 26:53 | Create | Villager (Male) |
| 26:53 | Create | Villager (Male) |
| 26:54 | Create | Villager (Male) |
| 27:00 | Build | Town Center |
| 27:44 | Build | Monastery |
| 28:23 | Research | Hand Cart |
| 28:37 | Research | Bow Saw |
| 28:41 | Create | Villager (Male) ×5 |
| 28:42 | Create | Villager (Male) ×5 |
| 28:42 | Create | Villager (Male) ×5 |
| 28:42 | Create | Villager (Male) ×5 |
| 28:42 | Create | Villager (Male) ×5 |
| 28:43 | Create | Villager (Male) ×4 |
| 28:54 | Create | Monk |
Build order — TrueCrime
First 150 of 173 actions detected
| 0:02 | Research | Loom |
| 0:03 | Create | Villager (Male) |
| 0:03 | Create | Villager (Male) |
| 0:03 | Create | Villager (Male) |
| 0:03 | Create | Villager (Male) |
| 0:10 | Build | House |
| 0:10 | Build | House |
| 0:12 | Build | House |
| 2:08 | Create | Villager (Male) |
| 2:29 | Create | Villager (Male) |
| 2:58 | Create | Villager (Male) |
| 3:24 | Build | Palisade Wall |
| 3:32 | Create | Villager (Male) |
| 3:32 | Create | Villager (Male) |
| 4:04 | Create | Villager (Male) |
| 4:32 | Create | Villager (Male) |
| 4:42 | Build | House |
| 4:54 | Create | Villager (Male) |
| 5:13 | Build | House |
| 5:21 | Create | Villager (Male) |
| 5:31 | Build | Mill |
| 5:35 | Create | Villager (Male) |
| 5:48 | Build | House |
| 6:01 | Create | Villager (Male) |
| 6:11 | Build | Lumber Camp |
| 6:25 | Create | Villager (Male) |
| 6:33 | Build | House |
| 7:08 | Build | House |
| 7:11 | Create | Villager (Male) |
| 7:26 | Create | Villager (Male) |
| 7:42 | Build | House |
| 7:53 | Create | Villager (Male) |
| 8:12 | Build | Farm |
| 8:18 | Build | House |
| 8:26 | Create | Villager (Male) |
| 8:26 | Create | Villager (Male) |
| 8:51 | Build | House |
| 8:56 | Create | Villager (Male) |
| 9:02 | Build | Farm |
| 9:09 | Create | Villager (Male) |
| 9:36 | Build | Farm |
| 9:38 | Create | Villager (Male) |
| 9:53 | Build | Farm |
| 9:57 | Create | Villager (Male) |
| 10:18 | Build | Farm |
| 10:31 | Build | Barracks |
| 10:49 | Create | Villager (Male) |
| 10:50 | Create | Villager (Male) |
| 11:08 | Build | Mining Camp |
| 11:46 | Create | Villager (Male) |
| 11:47 | Create | Villager (Male) |
| 12:05 | Create | Villager (Male) |
| 12:11 | Build | Barracks |
| 13:02 | Create | Villager (Male) |
| 13:24 | Research | Feudal Age |
| 13:44 | Build | Mill |
| 13:52 | Build | House |
| 14:58 | Build | House |
| 15:30 | Build | House |
| 15:43 | Age | Feudal Age |
| 15:46 | Build | Market |
| 15:51 | Create | Villager (Male) |
| 15:51 | Create | Villager (Male) |
| 15:51 | Create | Villager (Male) |
| 15:52 | Create | Villager (Male) |
| 15:52 | Create | Villager (Male) |
| 16:03 | Build | Stone Wall |
| 16:20 | Build | Farm |
| 16:34 | Build | Blacksmith |
| 16:49 | Build | Farm |
| 16:56 | Research | Double-Bit Axe |
| 17:20 | Build | Farm |
| 17:41 | Build | Building 673 |
| 17:54 | Create | Villager (Male) |
| 18:15 | Research | Castle Age |
| 18:29 | Build | Farm |
| 19:49 | Build | Stable |
| 19:51 | Build | Stable |
| 19:52 | Build | Stable |
| 19:54 | Build | Stable |
| 19:55 | Build | Stable |
| 20:05 | Research | Wheelbarrow |
| 20:13 | Research | Gold Mining |
| 21:01 | Age | Castle Age |
| 21:17 | Build | Town Center |
| 21:26 | Build | Town Center |
| 22:04 | Build | Town Center |
| 22:53 | Create | Villager (Male) |
| 22:53 | Create | Villager (Male) |
| 22:53 | Create | Villager (Male) |
| 22:54 | Create | Villager (Male) |
| 22:54 | Create | Villager (Male) |
| 22:54 | Create | Villager (Male) |
| 22:54 | Create | Villager (Male) |
| 22:55 | Create | Villager (Male) |
| 22:55 | Create | Villager (Male) |
| 22:55 | Create | Villager (Male) |
| 23:15 | Create | Villager (Male) |
| 23:15 | Create | Villager (Male) |
| 23:16 | Create | Villager (Male) |
| 23:16 | Create | Villager (Male) |
| 23:23 | Build | Farm |
| 23:28 | Build | Farm |
| 23:33 | Build | Farm |
| 23:38 | Create | Villager (Male) |
| 23:38 | Create | Villager (Male) |
| 23:47 | Build | Farm |
| 23:53 | Build | Farm |
| 23:57 | Build | Farm |
| 24:05 | Build | Farm |
| 24:09 | Create | Villager (Male) |
| 24:09 | Create | Villager (Male) |
| 24:09 | Create | Villager (Male) |
| 24:09 | Create | Villager (Male) |
| 24:16 | Build | Farm |
| 24:20 | Build | Farm |
| 24:27 | Build | Farm |
| 24:37 | Build | Farm |
| 24:53 | Build | Stable |
| 24:56 | Build | Stable |
| 25:06 | Create | Villager (Male) |
| 25:06 | Create | Villager (Male) |
| 25:06 | Create | Villager (Male) |
| 25:06 | Create | Villager (Male) |
| 25:07 | Create | Villager (Male) |
| 25:07 | Create | Villager (Male) |
| 25:07 | Create | Villager (Male) |
| 25:07 | Create | Villager (Male) |
| 25:32 | Create | Villager (Male) |
| 25:32 | Create | Villager (Male) |
| 25:32 | Create | Villager (Male) |
| 25:32 | Create | Villager (Male) |
| 25:38 | Build | Farm |
| 25:52 | Build | Castle |
| 25:57 | Create | Villager (Male) |
| 25:57 | Create | Villager (Male) |
| 25:58 | Create | Villager (Male) |
| 25:58 | Create | Villager (Male) |
| 26:06 | Build | Farm |
| 26:13 | Build | Farm |
| 26:21 | Build | Farm |
| 26:38 | Build | Market |
| 26:49 | Build | Farm |
| 26:55 | Build | Farm |
| 27:01 | Build | Farm |
| 27:10 | Build | Stable |
| 27:12 | Build | Stable |
| 27:13 | Build | Stable |
| 27:26 | Build | Farm |
| 27:33 | Create | Villager (Male) |
Build order — lagartocomfome
First 150 of 167 actions detected
| 0:01 | Create | Villager (Male) |
| 0:01 | Create | Villager (Male) |
| 0:02 | Create | Villager (Male) |
| 0:02 | Create | Villager (Male) |
| 0:02 | Create | Villager (Male) |
| 0:04 | Build | House |
| 0:06 | Build | House |
| 0:48 | Build | Building 804 |
| 0:51 | Build | Palisade Wall |
| 1:04 | Research | Loom |
| 1:05 | Create | Villager (Male) |
| 1:05 | Create | Villager (Male) |
| 2:05 | Build | Lumber Camp |
| 2:16 | Create | Villager (Male) |
| 3:04 | Create | Villager (Male) |
| 3:35 | Create | Villager (Male) |
| 4:06 | Create | Villager (Male) |
| 4:25 | Create | Villager (Male) |
| 5:04 | Build | Mill |
| 5:42 | Create | Villager (Male) |
| 5:50 | Create | Villager (Male) |
| 5:50 | Create | Villager (Male) |
| 5:56 | Build | House |
| 5:58 | Build | House |
| 6:36 | Create | Villager (Male) |
| 7:20 | Create | Villager (Male) |
| 7:21 | Create | Villager (Male) |
| 7:21 | Create | Villager (Male) |
| 7:56 | Build | Mining Camp |
| 8:17 | Create | Villager (Male) |
| 8:49 | Create | Villager (Male) |
| 8:49 | Create | Villager (Male) |
| 9:36 | Create | Villager (Male) |
| 9:44 | Build | Farm |
| 9:46 | Build | Farm |
| 9:47 | Build | Farm |
| 9:50 | Create | Villager (Male) |
| 9:50 | Create | Villager (Male) |
| 10:59 | Research | Feudal Age |
| 11:05 | Build | House |
| 11:05 | Build | House |
| 11:08 | Build | House |
| 11:08 | Build | House |
| 11:13 | Build | Barracks |
| 11:45 | Create | Villager (Male) |
| 12:40 | Build | House |
| 13:09 | Age | Feudal Age |
| 13:14 | Research | Horse Collar |
| 13:16 | Research | Double-Bit Axe |
| 13:23 | Create | Villager (Male) |
| 13:43 | Create | Villager (Male) |
| 13:53 | Build | Market |
| 14:22 | Create | Villager (Male) |
| 14:28 | Build | Farm |
| 14:31 | Build | Farm |
| 14:35 | Build | Farm |
| 14:36 | Build | Farm |
| 14:39 | Create | Villager (Male) |
| 14:39 | Create | Villager (Male) |
| 14:40 | Create | Villager (Male) |
| 15:05 | Build | Lumber Camp |
| 15:28 | Build | Farm |
| 15:42 | Create | Villager (Male) |
| 16:14 | Build | Blacksmith |
| 16:20 | Create | Villager (Male) |
| 16:32 | Build | Farm |
| 16:52 | Research | Castle Age |
| 17:19 | Build | Mining Camp |
| 17:26 | Research | Stone Mining |
| 17:36 | Build | Farm |
| 17:37 | Build | Farm |
| 17:39 | Create | Villager (Male) |
| 17:49 | Build | Farm |
| 17:49 | Build | Farm |
| 17:50 | Build | Farm |
| 17:51 | Build | Farm |
| 18:26 | Build | Stone Wall |
| 18:32 | Create | Villager (Male) |
| 18:36 | Research | Gold Mining |
| 19:09 | Build | Farm |
| 19:10 | Build | Farm |
| 19:13 | Create | Villager (Male) |
| 19:13 | Create | Villager (Male) |
| 19:14 | Create | Villager (Male) |
| 19:34 | Age | Castle Age |
| 19:40 | Research | Bow Saw |
| 20:11 | Research | Heavy Plow |
| 20:26 | Build | Town Center |
| 20:59 | Build | Farm |
| 21:00 | Build | Farm |
| 21:03 | Build | Farm |
| 21:04 | Build | Farm |
| 21:41 | Build | Mining Camp |
| 21:48 | Create | Villager (Male) |
| 21:48 | Create | Villager (Male) |
| 21:49 | Create | Villager (Male) |
| 21:49 | Create | Villager (Male) |
| 21:49 | Create | Villager (Male) |
| 21:49 | Create | Villager (Male) |
| 21:50 | Create | Villager (Male) |
| 21:50 | Create | Villager (Male) |
| 21:50 | Create | Villager (Male) |
| 21:51 | Create | Villager (Male) |
| 22:08 | Build | Monastery |
| 22:16 | Build | House |
| 22:27 | Build | University |
| 22:47 | Build | Farm |
| 22:47 | Build | Farm |
| 23:06 | Build | Castle |
| 23:19 | Research | Stone Shaft Mining |
| 23:23 | Create | Monk |
| 23:32 | Research | Wheelbarrow |
| 23:32 | Research | Town Watch |
| 23:40 | Build | House |
| 23:41 | Build | House |
| 23:43 | Build | House |
| 23:45 | Build | House |
| 23:47 | Build | House |
| 23:49 | Build | House |
| 24:05 | Create | Villager (Male) |
| 24:05 | Create | Villager (Male) |
| 24:05 | Create | Villager (Male) |
| 24:06 | Create | Villager (Male) |
| 24:06 | Create | Villager (Male) |
| 24:16 | Build | Farm |
| 24:22 | Build | Farm |
| 25:01 | Build | Farm |
| 25:02 | Build | Farm |
| 25:06 | Create | Villager (Male) |
| 25:21 | Build | Farm |
| 25:22 | Build | Farm |
| 25:32 | Create | Villager (Male) |
| 25:33 | Create | Villager (Male) |
| 25:48 | Create | Villager (Male) |
| 25:48 | Create | Villager (Male) |
| 26:00 | Build | House |
| 26:09 | Research | Hand Cart |
| 26:44 | Build | Mining Camp |
| 27:02 | Build | Farm |
| 27:03 | Build | Farm |
| 27:03 | Build | Farm |
| 27:04 | Build | Farm |
| 27:05 | Build | Farm |
| 27:07 | Build | Farm |
| 27:09 | Build | Farm |
| 27:14 | Create | Villager (Male) |
| 27:14 | Create | Villager (Male) |
| 27:15 | Create | Villager (Male) |
| 27:15 | Create | Villager (Male) |
| 27:15 | Create | Villager (Male) |
Match timeline
| 0:51 | lagartocomfome · wall_segment Palisade Wall x5 |
| 3:24 | TrueCrime · wall_segment Palisade Wall x14 |
| 4:03 | Doctore · wall_segment Palisade Wall x8 |
| 6:09 | Doctore · wall_segment Palisade Wall x7 |
| 8:48 | Cuauhocelotl831 · first_building Dock |
| 10:31 | TrueCrime · first_building Barracks |
| 11:13 | lagartocomfome · first_building Barracks |
| 12:55 | Doctore · age_up feudal |
| 13:09 | lagartocomfome · age_up feudal |
| 13:12 | SkilzDatKilz845 · first_building Dock |
| 14:35 | Anti-Social Reclusive Hermit · age_up feudal |
| 14:55 | Nomi · age_up feudal |
| 15:10 | Nomi · first_building Barracks |
| 15:12 | Doctore · wall_segment Stone Wall x8 |
| 15:43 | TrueCrime · age_up feudal |
| 16:03 | TrueCrime · wall_segment Stone Wall x16 |
| 16:30 | Nomi · first_building Stable |
| 17:01 | Cuauhocelotl831 · wall_segment Stone Wall x9 |
| 17:06 | Doctore · wall_segment Stone Wall x7 |
| 17:33 | SkilzDatKilz845 · wall_segment Stone Wall x21 |
| 18:07 | Jaereg · first_market_sell 100 wood |
| 18:11 | Jaereg · first_market_buy 100 food |
| 18:26 | lagartocomfome · wall_segment Stone Wall x9 |
| 18:56 | Doctore · age_up castle |
| 19:27 | Anti-Social Reclusive Hermit · first_building Barracks |
| 19:34 | lagartocomfome · age_up castle |
| 19:49 | TrueCrime · first_building Stable |
| 20:15 | Nomi · age_up castle |
| 20:18 | Doctore · first_building Castle |
| 20:58 | TrueCrime · first_market_buy 100 wood |
| 21:01 | TrueCrime · age_up castle |
| 21:12 | Anti-Social Reclusive Hermit · first_building Archery Range |
| 21:37 | TrueCrime · first_market_sell 100 food |
| 22:08 | lagartocomfome · first_building Monastery |
| 22:13 | Jaereg · first_building Monastery |
| 22:40 | SkilzDatKilz845 · first_building Barracks |
| 22:48 | Cuauhocelotl831 · first_market_sell 100 food |
| 23:06 | lagartocomfome · first_building Castle |
| 23:25 | SkilzDatKilz845 · first_market_buy 100 food |
| 24:04 | Anti-Social Reclusive Hermit · age_up castle |
| 24:18 | Anti-Social Reclusive Hermit · wall_segment Stone Wall x3 |
| 24:21 | Anti-Social Reclusive Hermit · wall_segment Stone Wall x18 |
| 24:46 | Anti-Social Reclusive Hermit · first_building Monastery |
| 25:14 | Jaereg · first_building Siege Workshop |
| 25:18 | SkilzDatKilz845 · first_market_sell 500 wood |
| 25:32 | SkilzDatKilz845 · first_building Castle |
| 25:52 | TrueCrime · first_building Castle |
| 26:12 | Nomi · first_building Monastery |
| 27:44 | Cuauhocelotl831 · first_building Monastery |
| 27:53 | Anti-Social Reclusive Hermit · first_building Castle |
| 28:02 | Jaereg · tribute_sent a jugador 1 |
| 28:02 | Jaereg · tribute_sent a jugador 2 |
| 28:02 | Jaereg · tribute_sent a jugador 4 |
| 28:02 | Jaereg · tribute_sent a jugador 5 |
| 28:03 | Jaereg · tribute_sent a jugador 6 |
| 28:03 | Jaereg · tribute_sent a jugador 7 |
| 28:03 | Jaereg · tribute_sent a jugador 8 |
| 28:09 | Jaereg · tribute_sent a jugador 1 |
| 28:09 | Jaereg · tribute_sent a jugador 2 |
| 28:09 | Jaereg · tribute_sent a jugador 4 |
| 28:09 | Jaereg · tribute_sent a jugador 5 |
| 28:09 | Jaereg · tribute_sent a jugador 6 |
| 28:09 | Jaereg · tribute_sent a jugador 7 |
| 28:09 | Jaereg · tribute_sent a jugador 8 |
| 28:36 | Anti-Social Reclusive Hermit · first_market_buy 100 stone |
| 29:05 | Jaereg · resign |
| 29:14 | Anti-Social Reclusive Hermit · first_building Siege Workshop |
[ AI ANALYSIS · 1 CREDIT ]
What really happened in this match?
Wolo.gg analyzes every decision: build order, eco, micro, common mistakes by bracket. Personalized analysis on WhatsApp or Discord in 30 seconds.
Civ guide
Japanese
Map guide
Black Forest
Perfil
SkilzDatKilz845